 Dungeon Crawl Stone Soup version 0.31-a0-344-gd109795599 (webtiles) character file.

Game seed: 4923154946239467388

1181 bmack86 the Cleaver (level 8, -1/64 HPs)
             Began as a Minotaur Fighter on July 22, 2023.
             Slain by a yak (9 damage)
             ... on level 5 of the Dungeon.
             The game lasted 00:13:13 (3617 turns).

bmack86 the Cleaver (Minotaur Fighter)              Turns: 3617, Time: 00:13:13

Health: -1/64      AC: 16    Str: 24    XL:     8   Next: 19%
Magic:  7/7        EV:  6    Int:  5    God:
Gold:   108        SH:  4    Dex:  9    Spells: 7/7 levels left

rFire   . . .        a - +1 war axe
rCold   + . .        c - +0 buckler
rNeg    . . .        n - +3 plate armour
rPois   .            (helmet restricted)
rElec   .            m - +0 cloak
rCorr   +            h - +0 pair of gloves {Stlth+}
SInv    .            (no boots)
Will    .....        (no amulet) Stlth
                     e - ring of protection from cold
HPRegen 0.30/turn    j - ring of resist corrosion
MPRegen 0.10/turn

%: no passive effects
@: mighty, slowed, very slow
A: horns 2, retaliatory headbutt
a: no special abilities


You were on level 5 of the Dungeon.
You visited 1 branch of the dungeon, and saw 5 of its levels.
You also visited: Sewer.

You collected 190 gold pieces.
You spent 82 gold pieces at shops.

Inventory:

Hand Weapons
 a - a +1 war axe (weapon)
Missiles
 u - 3 boomerangs (quivered)
Armour
 b - a +0 scale mail
 c - a +0 buckler (worn)
 h - a +0 pair of gloves of stealth (worn)
 m - a +0 cloak (worn)
 n - a +3 plate armour (worn)
Jewellery
 e - a ring of protection from cold (left hand)
 j - a ring of resist corrosion (right hand)
 y - an amulet of magic regeneration
Scrolls
 f - a scroll of poison {unknown}
 g - a scroll of noise
 l - 3 scrolls of blinking
 q - a scroll of acquirement {unknown}
 s - 4 scrolls of teleportation {unknown}
 t - 2 scrolls of vulnerability {unknown}
 v - a scroll of fog {unknown}
 x - a scroll of silence {unknown}
 z - a scroll of amnesia {unknown}
Potions
 i - a potion of cancellation
 k - a potion of invisibility
 o - 2 potions of curing
 p - 3 potions of heal wounds
 r - 3 potions of ambrosia
 w - a potion of brilliance


   Skills:
 - Level 3.6 Fighting
 + Level 11.8 Axes
 - Level 3.6 Armour
 - Level 3.6 Shields


You had 7 spell levels left.
You didn't know any spells.
Your spell library contained the following spells:

 Spells                   Type           Power      Damage    Failure   Level
 Sandblast                Erth           0%         2d4       100%        1
 Ensorcelled Hibernation  Hex/Ice        0%         N/A       100%        2
 Lesser Beckoning         Tloc           0%         N/A       100%        2
 Passwall                 Tmut/Erth      0%         N/A       100%        2
 Dazzling Flash           Conj/Hex       0%         N/A       100%        3
 Gell's Gravitas          Tloc           0%         N/A       100%        3
 Stone Arrow              Conj/Erth      0%         3d7       100%        3
 Swiftness                Air            0%         N/A       100%        3
 Teleport Other           Tloc           0%         N/A       100%        3
 Agony                    Necr           0%         N/A       100%        5
 Silence                  Hex/Air        0%         N/A       100%        5
 Conjure Ball Lightning   Conj/Air       0%         3x3d6     100%        6
 Discord                  Hex            0%         N/A       100%        8
 Disjunction              Tloc           0%         N/A       100%        8


Dungeon Overview and Level Annotations

Branches:
Dungeon (5/15)             Temple (0/1) D:5           Sewer (visited)

Altars:

Shops:
D:2 ?   D:4 ?*(


Innate Abilities, Weirdness & Mutations

You have a pair of horns on your head.
You reflexively headbutt those who attack you in melee.


Message History

The yak gores you but does no damage.
You slash the yak!
You kill the yak!
You slash the yak!
The yak is moderately wounded.
You block the yak's attack.
You slash the yak! Your headbutt misses the yak.
The yak is heavily wounded.
The yak barely misses you.
You hit the yak.
The yak is severely wounded.
The yak gores you!
You slash the yak!
You kill the yak!
Your Axes skill increases to level 11!
You slash the hornet!
The hornet is moderately wounded.
The hornet stings you!
You are poisoned.
You feel yourself slow down.
The hornet stings you but does no damage.
You slash the hornet!
The hornet is severely wounded.
You feel very sick. The hornet stings you!
* * * LOW HITPOINT WARNING * * *
You feel as though you will be slow longer.
The hornet stings you but does no damage.
You feel better. The hornet barely misses you. You furiously retaliate!
You headbutt the hornet!!
You kill the hornet!
The yak gores you but does no damage.
You have reached level 8!
You feel stronger.
You closely miss the yak. Your headbutt misses the yak. The yak gores you!
* * * LOW HITPOINT WARNING * * *
You slash the yak! You headbutt the yak.
The yak is heavily wounded.
The yak gores you!
You die...

*,,,,#>#**#...###.#.~~~~.
*,,,,#...*#[......#P~~~♣~
*,,,*#...##...#.###P~♣~~♣
*,,,**#.......#.###.~~~~♣
*,,,* ####...#..##...~~~~
*,,,** ####..#.##..P...~~
*,,,,* #.....#.##........
*,,,,* #.##.##.##........
*,**,**#@##.......#.#.P..
*,,,,,,#Y###.............
******,#...###.....##....
*,###'#*#.+##'.#....
********#.........#~†#......
*,,,,,...........##~~##.....
*,,,,,.Y.........#~~~~#.####
*,,,,,...........#~~~~#.#
*,,,,,Y..........##~~##.#


You could see a yak.

Vanquished Creatures
  A hornet (D:5)
  3 yaks (D:5)
  Pargi (Sewer)
  An ogre (D:4)
  A scorpion (D:4)
  A jelly (D:5)
  A hound (D:5)
  An orc wizard (D:3)
  Terence (D:2)
  Robin (D:2)
  2 adders
  An ufetubus (D:4)
  2 worms (D:2)
  3 dart slugs (D:2)
  8 orcs
  10 endoplasms
  A giant cockroach (D:1)
  18 goblins
  19 hobgoblins
  6 jackals
  9 quokkas
  9 ball pythons
  4 bats
  4 frilled lizards
  11 kobolds
  3 rats
122 creatures vanquished.

Notes
Turn   | Place    | Note
-------+----------+-------------------------------------------
     0 | D:1      | bmack86 the Minotaur Fighter began the quest for the Orb.
     0 | D:1      | Reached XP level 1. HP: 19/19 MP: 0/0
    66 | D:1      | Reached skill level 3 in Axes
   132 | D:1      | Reached XP level 2. HP: 26/26 MP: 1/1
   397 | D:1      | Reached skill level 4 in Axes
   452 | D:1      | Reached XP level 3. HP: 31/31 MP: 2/2
   800 | D:2      | Identified the +1 helmet "Ankuthreh" {rF+}
   800 | D:2      | Noticed Robin
   809 | D:2      | Killed Robin
   810 | D:2      | Reached skill level 5 in Axes
   968 | D:2      | Reached XP level 4. HP: 39/39 MP: 3/3
  1044 | D:2      | Noticed Terence
  1052 | D:2      | Killed Terence
  1053 | D:2      | Reached skill level 6 in Axes
  1314 | D:2      | Found Zovaezeh's Magic Scroll Emporium.
  1318 | D:2      | You fall into a shaft and drop 2 floors!
  1378 | D:4      | Found Tymnis's Magic Scroll Emporium.
  1390 | D:4      | Bought a scroll of identify for 26 gold pieces
  1393 | D:4      | Noticed a scorpion
  1399 | D:4      | Killed a scorpion
  1400 | D:4      | Reached XP level 5. HP: 33/45 MP: 4/4
  1526 | D:3      | Reached skill level 7 in Axes
  1581 | D:4      | Noticed an ogre
  1586 | D:4      | Killed an ogre
  1587 | D:4      | Reached XP level 6. HP: 22/51 MP: 5/5
  2123 | D:3      | Reached skill level 8 in Axes
  2193 | D:2      | Identified the +4 trident "Tiysor" {drain, *Rage Int+6}
  2877 | D:4      | Found Jiogroq's Antique Weapon Emporium.
  2988 | D:4      | Found Macyad's Assorted Antiques.
  3021 | D:4      | Bought a scroll labelled RIDYVVYXIPN for 28 gold pieces
  3021 | D:4      | Bought a scroll labelled NABIXKE EGHISA for 28 gold pieces
  3265 | D:5      | Entered Level 5 of the Dungeon
  3372 | D:5      | Found a glowing drain.
  3377 | Sewer    | Entered a sewer
  3380 | Sewer    | Noticed Pargi
  3383 | Sewer    | Killed Pargi
  3384 | Sewer    | Reached skill level 9 in Axes
  3384 | Sewer    | Reached XP level 7. HP: 55/57 MP: 6/6
  3583 | D:5      | Noticed a yak
  3583 | D:5      | Noticed a yak
  3597 | D:5      | Noticed a yak
  3598 | D:5      | Noticed a yak
  3603 | D:5      | Noticed a hornet
  3605 | D:5      | Killed a yak
  3606 | D:5      | Reached skill level 10 in Axes
  3608 | D:5      | Killed a yak
  3612 | D:5      | Killed a yak
  3613 | D:5      | Reached skill level 11 in Axes
  3615 | D:5      | Killed a hornet
  3616 | D:5      | Reached XP level 8. HP: 17/64 MP: 7/7
  3617 | D:5      | Slain by a yak

Illustrated notes

Levels and vault maps discovered:
D:1:      lightli_arrival_statue_moat, layout_loops_ring
D:2:      layout_rooms, serial_shops, shop, bh_walls_and_bars, uniq_robin,
          uniq_terence
D:3:      layout_loops_corners
D:4:      layout_loops_cross, serial_shops, nicolae_shop_overgrown_old_shop,
          nicolae_shop_tiny_statue_garden, nicolae_lakefront_shop,
          grunt_ministairs_8
D:5:      layout_basic, kennysheep_mini_moat, minmay_temple_entry_poolview,
          gup_sewer_entry_bowl, nicolae_stop_n_shop_1, serial_bayou_pond_a,
          uniq_prince_ribbit1

Skill      XL: |  1  2  3  4  5  6  7 |
---------------+----------------------+-----
Axes           | 3 4 5 6 7 9 11 | 11.8
Fighting       | |  3.6
Armour         | |  3.6
Shields        | |  3.6

Action                     |  1- 3 |  4- 6 |  7- 9 || total
---------------------------+-------+-------+-------++-------
  Melee: War axe           |    82 |   138 |    28 ||   248
         Headbutt          |     7 |    27 |     5 ||    39
  Throw: Boomerang         |       |     3 |       ||     3
    Use: Scroll            |       |     9 |     2 ||    11
         Potion            |       |       |     2 ||     2
 Armour: Scale mail        |    43 |    17 |       ||    60
         Plate armour      |       |    64 |    11 ||    75
  Dodge: Dodged            |    48 |    43 |     6 ||    97
  Block: Buckler           |    29 |    27 |     2 ||    58

Table legend: (Time is in decaauts)
 A = Elapsed time spent in this place.
 B = Non-inter-level travel time spent in this place.
 C = Inter-level travel time spent in this place.
 D = Time resting spent in this place.
 E = Time spent auto-exploring this place.
 F = Levels seen in this place.
 G = Mean time per level.
                   A        B        C        D        E       F      G
               +--------+--------+--------+--------+--------+-----+--------+
         Total |   3676 |   3571 |    105 |     34 |   2245 |   6 |  612.7 |
       Dungeon |   3524 |   3419 |    105 |     34 |   2245 |   5 |  704.8 |
         Sewer |    152 |    152 |      0 |      0 |      0 |   1 |  152.0 |
               +--------+--------+--------+--------+--------+-----+--------+

Top non-repeatable levels by time:
     D:3: 1036 daAuts
     D:1: 803 daAuts
     D:4: 763 daAuts
     D:2: 708 daAuts
     D:5: 212 daAuts
   Sewer: 152 daAuts
